 Seeded DCSS version 0.24-a0-446-g87df720 (webtiles) character file.

Game seed: 5370840393462327172

80 Llamajah the Charlatan (level 4, 0/26 HPs)
             Began as a Gargoyle Artificer on June 24, 2019.
             Slain by a leopard gecko (4 damage)
             ... on level 2 of the Dungeon.
             The game lasted 00:04:42 (1278 turns).

Llamajah the Charlatan (Gargoyle Artificer)         Turns: 1278, Time: 00:04:42

Health: 0/26       AC:  6    Str: 16    XL:     4   Next: 39%
Magic:  6/6        EV: 12    Int: 12    God:
Gold:   46         SH:  0    Dex: 10    Spells: 3/3 levels left

rFire    . . .     SeeInvis .   a - +0 short sword
rCold    . . .     Gourm    .   (no shield)
rNeg     + . .     Faith    .   b - +0 leather armour
rPois    ∞         Spirit   .   (no helmet)
rElec    +         Reflect  .   (no cloak)
rCorr    .         Harm     .   (no gloves)
MR       .....                  (no boots)
Stlth    +.........             (no amulet)
HPRegen  0.08/turn              (no ring)
MPRegen  0.10/turn              (no ring)

@: no status effects
A: negative energy resistance 1, electricity resistance, unbreathing,
petrification resistance, rot immunity, AC +3
a: no special abilities


You were on level 2 of the Dungeon.
You were hungry.

You visited 1 branch of the dungeon, and saw 2 of its levels.

You collected 46 gold pieces.

Inventory:

Hand Weapons
 a - a +0 short sword (weapon)
Armour
 b - a +0 leather armour (worn)
Wands
 c - a wand of flame (12)
 d - a wand of enslavement (15)
 e - a wand of random effects (15)
Scrolls
 i - a scroll of enchant armour {unknown}
 j - a scroll of amnesia {unknown}
 k - a scroll of enchant weapon {unknown}
Potions
 g - a potion of might {unknown}
 h - a potion of haste {unknown}
Comestibles
 f - 2 rations
 l - 2 chunks of flesh


   Skills:
 + Level 1.9 Fighting
 + Level 1.6 Short Blades
 * Level 2.3 Armour
 + Level 2.0 Dodging
 - Level 1.1 Stealth
 + Level 3.1 Evocations


You had 3 spell levels left.
You didn't know any spells.
Your spell library was empty.

Dungeon Overview and Level Annotations

Branches:
Dungeon (2/15)

Altars:


Innate Abilities, Weirdness & Mutations

You are resistant to torment.
Your stone body is resilient. (AC +3)
You are immune to poison.
You resist negative energy. (rN+)
You are resistant to electric shocks. (rElec)
You can survive without breathing.
You are immune to petrification.
You are immune to rotting.


Message History

The leopard gecko bites you but does no damage.
The rat closely misses you.
The jackal bites you but does no damage.
You barely miss the jackal.
The jackal is almost dead.
The leopard gecko bites you but does no damage.
The rat misses you. The jackal misses you. The leopard gecko barely misses you.
You hit the jackal.
You kill the jackal!
The rat bites you but does no damage. The leopard gecko barely misses you.
Things that are here:
a jackal corpse; a bat corpse You hit the leopard gecko.
The leopard gecko is severely wounded.
The leopard gecko barely misses you.
You hit the leopard gecko but do no damage.
The leopard gecko is severely wounded.
The leopard gecko bites you but does no damage.
The leopard gecko bites you.
You die...

............. #............
#............ . #............
..# #............ .. ....###
#............ ...
#....###....!....# .... #
#.rl@.........###..##
.######.......<........ ..#
##................
#.###.)...............
##.#...#...............
.#######......................
...............##.............
.....#..........).............
....................).........


You could see a leopard gecko and a rat.

Vanquished Creatures
  An adder (D:2)
  An ooze (D:2)
  A worm (D:2)
  6 dart slugs
  A leopard gecko (D:1)
  A bat (D:2)
  3 giant cockroaches
  5 goblins
  5 hobgoblins
  6 jackals
  2 quokkas (D:2)
  A frilled lizard (D:1)
  6 kobolds
  10 rats
49 creatures vanquished.

Notes
Turn   | Place    | Note
-------+----------+-------------------------------------------
     0 | D:1      | Llamajah the Gargoyle Artificer began the quest for the
                  | Orb.
     0 | D:1      | Reached XP level 1. HP: 12/12 MP: 2/2
    78 | D:1      | Reached skill level 1 in Short Blades
    90 | D:1      | Reached XP level 2. HP: 6/16 MP: 4/4
   320 | D:1      | Reached skill level 1 in Armour
   570 | D:1      | Reached XP level 3. HP: 16/20 MP: 5/5
   836 | D:2      | Reached skill level 3 in Evocations
   926 | D:2      | Reached XP level 4. HP: 18/26 MP: 6/6
  1278 | D:2      | Slain by a leopard gecko

Levels and vault maps discovered:
D:1:      psy_arrival_whirlpool, layout_basic, st_stairs_8,
          kennysheep_crisscross
D:2:      layout_rooms

Skill      XL: |  1  2  3  4 |
---------------+-------------+-----
Short Blades   | 1 |  1.6
Armour         | 1 2 |  2.3
Evocations     | 3 |  3.1
Dodging        | 2 |  2.0
Fighting       | |  1.9
Stealth        | |  1.1

Action                   |  1- 3 |  4- 6 || total
-------------------------+-------+-------++-------
Melee: Short sword       |   145 |    71 ||   216
Evoke: Wand              |       |     3 ||     3
 Stab: Sleeping          |     1 |       ||     1
  Eat: Chunk             |       |     1 ||     1
Armor: Leather armour    |    63 |    58 ||   121
Dodge: Dodged            |    78 |    94 ||   172

Table legend:
 A = Non-vault XP
 B = Vault XP
 C = Vault XP percentage of total XP
 D = Non-vault monster count
 E = Vault monster count
 F = Vault count percentage of total count
                 A         B        C        D         E       F
            +---------+---------+-------+---------+---------+-------
      Total |     108 |       7 |   6.1 |      47 |       2 |   4.1
            +---------+---------+-------+---------+---------+-------
        D:1 |      47 |       7 |  13.0 |      25 |       2 |   7.4
        D:2 |      61 |       0 |   0.0 |      22 |       0 |   0.0
            +---------+---------+-------+---------+---------+-------
